 Dungeon Crawl Stone Soup version 0.27.0-1-g7a089689b8 (webtiles) character file.

Game seed: 8364385445442039085

842 Crownlay the Cleaver (level 8, 0/64 HPs)
             Began as a Hill Orc Fighter on Aug 13, 2021.
             Was an Initiate of Okawaru.
             Slain by a killer bee (2 damage)
             ... on level 6 of the Dungeon.
             The game lasted 00:07:16 (6335 turns).

Crownlay the Cleaver (Hill Orc Fighter)             Turns: 6335, Time: 00:07:16

Health: 0/64       AC:  9    Str: 21    XL:     8   Next: 0%
Magic:  8/8        EV:  9    Int:  8    God:    Okawaru [......]
Gold:   248        SH:  0    Dex: 10    Spells: 7/7 levels left

rFire    . . .     SeeInvis .   a - +0 war axe
rCold    . . .     Faith    .   (no shield)
rNeg     . . .     Spirit   .   b - +0 scale mail
rPois    .         Reflect  .   q - +1 hat
rElec    .         Harm     .   (no cloak)
rCorr    .         Rampage  .   w - +0 pair of gloves
Will     .....                  (no boots)
Stlth    ..........             (no amulet)
HPRegen  0.20/turn              (no ring)
MPRegen  0.11/turn              (no ring)

@: mighty
A: no striking features
a: Renounce Religion


You were on level 6 of the Dungeon.
You worshipped Okawaru.
Okawaru was noncommittal.
You visited 2 branches of the dungeon, and saw 7 of its levels.
You also visited: Sewer.

You collected 248 gold pieces.

Inventory:

Hand Weapons
 a - a +0 war axe (weapon)
Missiles
 l - 7 javelins (quivered)
Armour
 b - a +0 scale mail (worn)
 c - a +0 kite shield
 q - a +1 hat (worn)
 w - a +0 pair of gloves (worn)
 x - a +0 buckler
Jewellery
 d - a ring of protection from fire
 y - a ring of fire
Wands
 m - a wand of acid (11)
Scrolls
 f - 2 scrolls of teleportation
 g - a scroll of vulnerability {unknown}
 h - 3 scrolls of magic mapping {unknown}
 k - a scroll of amnesia {unknown}
 n - a scroll of enchant armour {unknown}
 p - a scroll of noise {unknown}
 r - a scroll of brand weapon {unknown}
 v - a scroll of identify
Potions
 i - 2 potions of attraction
 o - a potion of brilliance
 s - a potion of flight {unknown}
 t - a potion of haste {unknown}
 u - a potion of cancellation {unknown}


   Skills:
 - Level 3.6 Fighting
 + Level 11.2 Axes
 - Level 3.2 Armour
 - Level 4.0 Shields


You had 7 spell levels left.
You didn't know any spells.
Your spell library contained the following spells:

 Spells                   Type           Power      Damage    Failure   Level
 Sublimation of Blood     Necr           0%         N/A       87%         2
 Conjure Flame            Conj/Fire      0%         6-21      98%         3
 Frozen Ramparts          Ice            0%         1d2       98%         3
 Ignite Poison            Fire/Tmut/Pois 0%         N/A       98%         3
 Airstrike                Air            0%         N/A       100%        4
 Ice Form                 Ice/Tmut       0%         N/A       100%        4
 Petrify                  Tmut/Erth      0%         N/A       100%        4
 Sticky Flame             Conj/Fire      0%         2d3       100%        4
 Summon Ice Beast         Ice/Summ       0%         N/A       100%        4
 Summon Lightning Spire   Summ/Air       0%         N/A       100%        4
 Irradiate                Conj/Tmut      0%         3d13      100%        5
 Lightning Bolt           Conj/Air       0%         1d11      100%        5
 Storm Form               Tmut/Air       0%         N/A       100%        7
 Maxwell's Capacitive Co  Air            0%         ∞         100%        8


Dungeon Overview and Level Annotations

Branches:
Dungeon (6/15)             Temple (1/1) D:5           Sewer (visited)

Altars:
Cheibriados
Elyvilon
Gozag
Hepliaklqana
Kikubaaqudgha
Makhleb
Okawaru
Qazlal
Ru
Sif Muna
Trog
Uskayaw
Vehumet
Wu Jian
Xom
Yredelemnul
Zin
The Shining One

Shops:
D:2 *


Message History

Training target 4.0 for Shields reached!
Your Axes skill increases to level 11!
Your Shields skill increases to level 4!
You hit the killer bee.
The killer bee is moderately wounded.
The killer bee stings you but does no damage.
The killer bee completely misses you.
You barely miss the killer bee.
The killer bee is moderately wounded.
The killer bee stings you but does no damage.
The killer bee stings you.
* * * LOW HITPOINT WARNING * * *
You are poisoned.
The killer bee poisons you!
You miss the killer bee.
The killer bee is moderately wounded.
You feel sick.
The killer bee stings you but does no damage. x2
You closely miss the killer bee.
The killer bee is moderately wounded.
You feel sick. The killer bee closely misses you. x2
You slice the killer bee!!
You kill the killer bee!
Okawaru accepts your kill.
You feel sick. The killer bee stings you.
* * * LOW HITPOINT WARNING * * *
You are lethally poisoned!
The killer bee poisons you!
You have reached level 8!
You barely miss the killer bee.
* * * LOW HITPOINT WARNING * * *
You feel very sick.
The killer bee stings you but does no damage.
The killer bee stings you.
* * * LOW HITPOINT WARNING * * *
You feel better. The killer bee stings you!
* * * LOW HITPOINT WARNING * * *
The killer bee barely misses you. The killer bee stings you.
You die...

##.##.# #.##.# #.##.# #.##.#
#.##.# ########## ####.##.#
.........## #....##.#
..........############.#####.####
########......yy@.>....# #....#
####.##########.# ####.#
#............# #.# ############.#
#.# #.# #.# #.# #.# #<# #.# #.#
#.# #.########.#


You could see 2 killer bees.

Vanquished Creatures
  A water moccasin (Sewer)
  2 ogres
  A phantom (D:4)
  A water moccasin skeleton (D:6)
  2 killer bees (D:6)
  A howler monkey (D:4)
  A hound (D:4)
  2 iguanas
  4 gnolls (D:2)
  10 adders
  2 worms
  12 orcs
  5 endoplasms
  5 giant cockroaches
  7 hobgoblins
  10 jackals
  11 kobolds
  4 quokkas
  7 ball pythons
  4 bats (D:1)
  4 frilled lizards
  6 goblins
  9 rats
111 creatures vanquished.

Notes
Turn   | Place    | Note
-------+----------+-------------------------------------------
     0 | D:1      | Crownlay the Hill Orc Fighter began the quest for the Orb.
     0 | D:1      | Reached XP level 1. HP: 19/19 MP: 1/1
    73 | D:1      | Reached skill level 3 in Axes
    85 | D:1      | Reached XP level 2. HP: 14/26 MP: 2/2
   113 | D:1      | Reached skill level 4 in Axes
   785 | D:1      | Reached XP level 3. HP: 31/31 MP: 3/3
  1437 | D:2      | Reached skill level 5 in Axes
  1725 | D:2      | Found Nubox's Assorted Antiques.
  1834 | D:2      | Reached XP level 4. HP: 6/39 MP: 4/4
  1838 | D:2      | HP: 1/39 [poisoned by an adder]
  2492 | D:2      | Reached skill level 6 in Axes
  2587 | D:2      | Reached XP level 5. HP: 13/45 MP: 5/5
  3531 | D:4      | Reached skill level 7 in Axes
  3586 | D:4      | Noticed a phantom
  3603 | D:4      | Killed a phantom
  3604 | D:4      | Reached skill level 8 in Axes
  3604 | D:4      | Reached XP level 6. HP: 7/51 MP: 6/6
  4077 | D:4      | Reached skill level 9 in Axes
  4681 | D:4      | Reached XP level 7. HP: 57/57 MP: 7/7
  4740 | D:5      | Entered Level 5 of the Dungeon
  4867 | D:5      | Found a glowing drain.
  4889 | D:5      | Identified the +6 whip of the Original Sin {elec, *Noise
                  | +Blink SInv}
  4895 | Sewer    | Entered a sewer
  5009 | Sewer    | Reached skill level 10 in Axes
  5616 | D:5      | Found a staircase to the Ecumenical Temple.
  5634 | Temple   | Entered the Ecumenical Temple
  5732 | Temple   | Became a worshipper of Warmaster Okawaru
  6328 | D:6      | Reached skill level 11 in Axes
  6333 | D:6      | Reached XP level 8. HP: 10/64 MP: 8/8
  6333 | D:6      | HP: 1/64 [killer bee (6)]
  6335 | D:6      | Slain by a killer bee

Illustrated notes

Levels and vault maps discovered:
D:1:      onia_arrival_pyramid, layout_basic, serial_park_tiny_pond,
          minmay_surrounded
D:2:      layout_basic, serial_shops, nicolae_shop_behind_doors
D:3:      layout_loops_ring
D:4:      layout_loops_ring
D:5:      layout_loops_ring, minmay_temple_entry_ruins, portal_sewer_entry_a,
          corexii_leaking_fountain, grunt_ministairs_2, roderic_roman_lattice
D:6:      lemuel_insect_pit, layout_loops_ring, serial_shops,
          nicolae_lakefront_shop
Temple:   regret_index_temple_mists

Skill      XL: |  1  2  3  4  5  6  7 |
---------------+----------------------+-----
Axes           | 3 4 5 6 8 9 11 | 11.2
Shields        | 4 |  4.0
Fighting       | |  3.6
Armour         | |  3.2

Action                   |  1- 3 |  4- 6 |  7- 9 || total
-------------------------+-------+-------+-------++-------
Melee: War axe           |   134 |   101 |    98 ||   333
Throw: Javelin           |       |     3 |     5 ||     8
  Use: Potion            |       |     1 |     6 ||     7
       Scroll            |       |       |     4 ||     4
Armor: Scale mail        |    61 |    41 |    49 ||   151
Dodge: Dodged            |    57 |    41 |    57 ||   155
Block: Kite shield       |    71 |       |       ||    71
